 Dungeon Crawl Stone Soup version 0.14-a0-736-g2a71271 (webtiles) character file.

120 JacquesDerrida the Cudgeler (level 4, 24/33 HPs)
             Began as a Formicid Fighter on Nov 7, 2013.
             Quit the game on Level 3 of the Dungeon.
             The game lasted 00:03:05 (1537 turns).

JacquesDerrida the Cudgeler (Formicid Fighter)      Turns: 1537, Time: 00:03:05

HP  24/33        AC  7     Str 21      XL: 4   Next: 24%
MP   3/3         EV  6     Int  8      God:
Gold 60          SH 18     Dex 10      Spells:  0 memorised,  3 levels left

Res.Fire  : + . .   See Invis. : .   a - +0 mace
Res.Cold  : x . .   Warding    : .   b - +0 scale mail
Life Prot.: . . .   Conserve   : .   c - +0 shield
Res.Poison: x       Res.Corr.  : .   (helmet restricted)
Res.Elec. : .       Clarity    : .   (no cloak)
Sust.Abil.: . .     Spirit.Shd : .   (no gloves)
Res.Mut.  : .       Stasis     : +   (no boots)
Res.Rott. : .       Flight     : .   n - amulet of rage
Saprovore : . . .                    (no ring)
                                     j - ring of fire

@: slightly resistant to hostile enchantments, extremely unstealthy
A: permanent stasis, dig shafts and tunnels, four strong arms, poison weakness,
antennae 1, exoskeleton 1
a: Dig, Shaft Self, Evoke Berserk Rage


You were on level 3 of the Dungeon.
You were hungry.

You visited 1 branch of the dungeon, and saw 3 of its levels.

You collected 60 gold pieces.

Inventory:

Hand weapons
 a - a +0,+0 mace (weapon)
Armour
 b - a +0 scale mail (worn)
 c - a +0 shield (worn)
Comestibles
 d - 2 bread rations
Scrolls
 e - 2 scrolls of teleportation {unknown}
 f - a scroll of enchant weapon II {unknown}
 h - a scroll of fog {unknown}
 i - 3 scrolls of identify {unknown}
 m - a scroll of curse armour {unknown}
Jewellery
 j - a ring of fire (left hand)
 n - an amulet of rage (around neck)
Potions
 g - a potion of curing {unknown}
 k - a potion of restore abilities {unknown}
 l - 2 potions of heal wounds {unknown}
Books
 o - a book of Air

   Spells                             Type                      Level
   Shock                              Conjuration/Air              1
   Swiftness                          Charms/Air                   2
   Repel Missiles                     Charms/Air                   2
   Flight                             Charms/Air                   3
   Static Discharge                   Conjuration/Air              3
   Lightning Bolt                     Conjuration/Air              5
 p - a book of Summonings

   Spells                             Type                      Level
   Abjuration                         Summoning                    3
   Recall                             Summoning/Translocation      3
   Summon Elemental                   Summoning                    4
   Shadow Creatures                   Summoning                    5
   Summon Demon                       Summoning                    5
   Summon Ugly Thing                  Summoning                    6


   Skills:
 - Level 3.0 Fighting
 + Level 4.2 Maces & Flails
 - Level 3.6 Armour
 - Level 3.0 Shields


You had 3 spell levels left.
You didn't know any spells.

Dungeon Overview and Level Annotations

Branches:
Dungeon (3/27)

Altars:
Yredelemnul


Innate Abilities, Weirdness & Mutations

Your are under a permanent stasis effect.
You can dig through walls and to a lower floor.
Your four strong arms can wield any weapon, most with a shield.
You are susceptible to poison.
You have a pair of small antennae on your head.
Your body is surrounded by an exoskeleton. (HP +5, AC +1)


Message History

You closely miss the adder.
The adder is almost dead.
You block the adder's attack.
You hit the adder.
You kill the adder!
No target in view!
No target in view!
No target in view!
Things that are here:
an adder corpse; an orcish short sword You stop butchering the corpse.
You feel sick.
You feel sick.
You feel better.
You are feeling hungry.
h - a scroll labeled PSIC QAXKIASCH A rat comes into view.
The rat moves out of view.
Eat which item? (? for menu, Esc to quit)
You can't eat that!
Are you sure you want to abandon this character and quit the game? (Confirm with "yes".)

#.#.##.# #......#
####..P.P.#
......._..# .
.....P.P.####### ..
#.#....%......#
..#.#.......####.##
..................<#
#.#..@..#.####.##
#.#...#.# #.# #
#...#.# #.# #...#.#
#.# ....#.# #.#
.#.###.# #.# #....
#.# #.# #.###
.####.# #.)..#


There were no monsters in sight!

Vanquished Creatures
  3 adders
  2 oozes (D:1)
  A giant cockroach (D:1)
  4 goblins
  7 hobgoblins
  A quokka (D:2)
  A bat (D:1)
  2 giant geckos (D:2)
  3 giant newts
  2 jackals (D:1)
  3 kobolds
  3 rats (D:1)
32 creatures vanquished.

Notes
Turn   | Place    | Note
--------------------------------------------------------------
     0 | D:1      | JacquesDerrida, the Formicid Fighter, began the quest for the Orb.
     0 | D:1      | Reached XP level 1. HP: 19/19 MP: 0/0
   169 | D:1      | Reached XP level 2. HP: 20/24 MP: 1/1
   707 | D:2      | Reached XP level 3. HP: 27/29 MP: 2/2
  1158 | D:2      | Reached XP level 4. HP: 17/33 MP: 3/3
  1433 | D:2      | Reached skill level 4 in Maces & Flails
  1517 | D:3      | Found a basalt altar of Yredelemnul.
  1537 | D:3      | Quit the game

Action                   |  1- 3 |  4- 6 || total
-------------------------+-------+-------++-------
Melee: Mace              |    99 |    18 ||   117
